 Dungeon Crawl Stone Soup version 0.27.1-34-g3ba077fa99 (webtiles) character file.

Game seed: 680251246511027285

1798936 Sharkman1231 the Grand Master (level 27, 271/271 HPs)
             Began as a Green Draconian Transmuter on Jan 23, 2022.
             Was the Champion of Cheibriados.
             Escaped with the Orb
             ... and 3 runes!
             The game lasted 01:51:56 (65646 turns).

Sharkman1231 the Grand Master (DrTm)               Turns: 65646, Time: 01:51:57

Health: 271/271    AC: 27    Str: 38    XL:     27
Magic:  35/35      EV: 35    Int: 40    God:    Cheibriados [******]
Gold:   2152       SH: 22    Dex: 31    Spells: 20/42 levels left

rFire    + . .     SeeInvis .     - Unarmed
rCold    + . .     Faith    .   b - +5 kite shield {rC+}
rNeg     + . .     Spirit   .   (armour unavailable)
rPois    +         Reflect  .   r - +2 hat {Int+3}
rElec    +         Harm     .   O - +2 cloak {Will+}
rCorr    .         Rampage  .   w - +2 pair of gloves
Will     +++++     Rnd*Rage +   i - +5 pair of boots of Liberty {rN+ Str+3 Stlth+}
Stlth    ++........             M - amulet of regeneration
HPRegen  1.55/turn              X - ring of the Mage {Wiz Will++ Int+3}
MPRegen  0.24/turn              Z - ring of Ceewi {rF+ Str+6}

@: very slow
A: breathe noxious fumes, AC +13, unfitting armour, stinger 1, poison
resistance, cold-blooded, berserk 1, clumsy 1, strong-willed 2, electricity
resistance, wild magic 1, MP-powered wands
0: Orb of Zot
}: 3/15 runes: decaying, serpentine, silver
a: Breathe Noxious Fumes, Renounce Religion, Bend Time, Temporal Distortion,
Slouch, Step From Time


You escaped.
You worshipped Cheibriados.
Cheibriados was exalted by your worship.
You visited 10 branches of the dungeon, and saw 50 of its levels.
You also visited: Gauntlet, Ice Cave, Wizlab and Desolation.

You collected 11441 gold pieces.
You spent 9289 gold pieces at shops.

Inventory:

Missiles
 z - 5 throwing nets (quivered)
Armour
 b - a +5 kite shield of cold resistance (worn)
 c - the +0 cloak of Fortitude {Contam +Inv rF++}
   (You found it in the Desolation of Salt)

   rF:        It greatly protects you from fire.
   +Inv:      It lets you turn invisible.
   Contam:    It causes magical contamination when unequipped.
 i - the +5 pair of boots of Liberty (worn) {rN+ Str+3 Stlth+}
   (You found it on level 3 of the Lair of Beasts)

   Str:       It affects your strength (+3).
   rN:        It protects you from negative energy.
   Stlth:     It makes you more stealthy.
 r - a +2 hat of intelligence (worn)
 w - a +2 pair of gloves (worn)
 O - a +2 cloak of willpower (worn)
Jewellery
 m - the ring "Nown" {rPois SInv}
   (You found it in the Desolation of Salt)

   [ring of see invisible]

   rPois:     It protects you from poison.
   SInv:      It lets you see invisible.
 n - the amulet "Biwonoq" {RegenMP rF+ Will+ Str-3}
   (You found it on level 3 of the Snake Pit)

   [amulet of magic regeneration]

   It increases your rate of magic regeneration.
   Str:       It affects your strength (-3).
   rF:        It protects you from fire.
   Will:      It increases your willpower.
 s - a ring of willpower
 v - a ring of protection from fire
 x - a ring of resist corrosion
 y - a ring of flight
 K - the ring "Weved" {EV+4 Int+3}
   (You found it in the Desolation of Salt)

   [ring of evasion]

   EV:        It affects your evasion (+4).
   Int:       It affects your intelligence (+3).
 M - an amulet of regeneration (around neck)
 P - the ring "Vewinosch" {Fire rPois rCorr MP+9 Str+5}
   (You found it on level 12 of the Dungeon)

   [ring of fire]

   It enhances your fire magic.
   Str:       It affects your strength (+5).
   rF:        It protects you from fire.
   rC:        It makes you vulnerable to cold.
   rPois:     It protects you from poison.
   MP:        It affects your magic capacity (+9).
   rCorr:     It protects you from acid and corrosion.
 T - a ring of positive energy
 W - a ring of protection from cold
 X - the ring of the Mage (left hand) {Wiz Will++ Int+3}
   (You took it off a deep elf annihilator on level 3 of the Elven Halls)

   [ring of wizardry]

   It improves your spell success rate.
   Int:       It affects your intelligence (+3).
   Will:      It greatly increases your willpower.
 Z - the ring of Ceewi (right hand) {rF+ Str+6}
   (You found it on level 3 of the Snake Pit)

   [ring of strength]

   Str:       It affects your strength (+6).
   rF:        It protects you from fire.
Wands
 h - a wand of acid (57)
 j - a wand of mindburst (35)
 o - a wand of paralysis (41)
 A - a wand of digging (24)
 B - a wand of polymorph (24)
 N - a wand of charming (39)
 S - a wand of iceblast (68)
 U - a wand of flame (101)
Scrolls
 g - 7 scrolls of immolation
 l - a scroll of fear
 u - 5 scrolls of fog
 C - 3 scrolls of holy word
 H - 24 scrolls of teleportation
 L - 4 scrolls of blinking
 R - 7 scrolls of vulnerability
 Y - 5 scrolls of silence
Potions
 a - 11 potions of flight
 d - 16 potions of curing
 e - 6 potions of lignification
 f - 7 potions of magic
 k - 3 potions of invisibility
 p - 3 potions of mutation
 D - 9 potions of brilliance
 E - 7 potions of might
 J - 6 potions of ambrosia
 Q - 8 potions of heal wounds
 V - a potion of cancellation
Miscellaneous
 F - a phantom mirror
 G - a phial of floods
 I - a condenser vane


   Skills:
 + Level 26.6 Fighting
 - Level 5.0 Throwing
 - Level 19.3 Dodging
 - Level 10.0 Stealth
 - Level 15.0 Shields
 O Level 27 Unarmed Combat
 - Level 8.0 Spellcasting
 - Level 8.0 Hexes
 - Level 4.0 Translocations
 - Level 13.0 Transmutations
 - Level 8.0 Air Magic
 - Level 11.0 Earth Magic
 - Level 13.5 Invocations
 - Level 7.0 Evocations


You had 20 spell levels left.
You knew the following spells:

 Your Spells              Type           Power      Damage    Failure   Level
a - Blink                 Tloc           N/A        N/A       1%          2
b - Wereblood             Tmut           100%       N/A       1%          2
d - Statue Form           Tmut/Erth      65%        N/A       1%          6
e - Dragon Form           Tmut           51%        N/A       5%          7
f - Silence               Hex/Air        40%        N/A       1%          5

Your spell library contained the following spells:

 Spells                   Type           Power      Damage    Failure   Level
 Apportation              Tloc           100%       N/A       1%          1
 Beastly Appendage        Tmut           100%       N/A       1%          1
 Foxfire                  Conj/Fire      80%        2x1d8     1%          1
 Freeze                   Ice            80%        1d9       1%          1
 Magic Dart               Conj           80%        1d7       1%          1
 Sandblast                Erth           100%       2d20      1%          1
 Shock                    Conj/Air       100%       1d9       1%          1
 Summon Small Mammal      Summ           80%        N/A       1%          1
 Passwall                 Tmut/Erth      81%        N/A       1%          2
 Slow                     Hex            81%        N/A       1%          2
 Confusing Touch          Hex            81%        N/A       1%          3
 Dazzling Flash           Conj/Hex       100%       N/A       1%          3
 Inner Flame              Hex/Fire       58%        N/A       1%          3
 Lesser Beckoning         Tloc           29%        N/A       1%          3
 Mephitic Cloud           Conj/Pois/Air  48%        N/A       1%          3
 Portal Projectile        Hex/Tloc       100%       N/A       1%          3
 Spider Form              Tmut/Pois      36%        N/A       1%          3
 Stone Arrow              Conj/Erth      100%       3d13      1%          3
 Swiftness                Air            81%        N/A       1%          3
 Airstrike                Air            40%        N/A       1%          4
 Cause Fear               Hex            40%        N/A       1%          4
 Ice Form                 Ice/Tmut       73%        N/A       1%          4
 Petrify                  Tmut/Erth      98%        N/A       1%          4
 Blade Hands              Tmut           51%        N/A       1%          5
 Lee's Rapid Deconstruct  Erth           47%        3d23*     1%          5
 Call Imp                 Summ           20%        N/A       2%          2
 Searing Ray              Conj           40%        3d4       2%          2
 Sublimation of Blood     Necr           10%        N/A       2%          2
 Fulminant Prism          Conj/Hex       29%        3d14      2%          4
 Summon Lightning Spire   Summ/Air       58%        N/A       2%          4
 Alistair's Intoxication  Tmut/Pois      48%        N/A       2%          5
 Irradiate                Conj/Tmut      36%        3d25      2%          5
 Conjure Flame            Conj/Fire      20%        6-21      4%          3
 Frozen Ramparts          Ice            40%        1d6       4%          3
 Vampiric Draining        Necr           10%        2d7       4%          3
 Iskenderun's Mystic Bla  Conj/Tloc      41%        2d9       6%          4
 Lightning Bolt           Conj/Air       29%        1d45      7%          5
 Manifold Assault         Tloc           58%        N/A       7%          5
 Metabolic Englaciation   Hex/Ice        29%        N/A       7%          5
 Invisibility             Hex            40%        N/A       7%          6
 Bolt of Magma            Conj/Fire/Erth 28%        4d13      9%          5
 Animate Dead             Necr           10%        N/A       12%         4
 Dispel Undead            Necr           20%        3d11      12%         4
 Hailstorm                Conj/Ice       20%        3d6       12%         4
 Summon Ice Beast         Ice/Summ       20%        N/A       12%         4
 Freezing Cloud           Conj/Ice/Air   24%        6-21      12%         5
 Summon Forest            Summ/Tloc      20%        N/A       14%         5
 Agony                    Necr           20%        N/A       30%         5
 Excruciating Wounds      Necr           10%        N/A       30%         5
 Fireball                 Conj/Fire      10%        3d6       30%         5
 Iskenderun's Battlesphe  Conj           20%        2d7       30%         5
 Conjure Ball Lightning   Conj/Air       29%        3x3d8     32%         6
 Dispersal                Tloc           29%        N/A       32%         6
 Discord                  Hex            40%        N/A       91%         8
 Necromutation            Tmut/Necr      36%        N/A       98%         8
 Lehudib's Crystal Spear  Conj/Erth      33%        10d9      99%         8
 Orb of Destruction       Conj           10%        9d5       100%        7
 Disjunction              Tloc           29%        N/A       100%        8
 Chain Lightning          Conj/Air       29%        3d38      100%        9
 Fire Storm               Conj/Fire      10%        8d3       100%        9
 Shatter                  Erth           47%        3d36*     100%        9
 Animate Armour           Summ/Erth      Unusable   N/A       N/A         4

Dungeon Overview and Level Annotations

Branches:
Dungeon (15/15)            Temple (1/1) D:7            Lair (6/6) D:8
  Swamp (4/4) Lair:4        Snake (4/4) Lair:3        Slime (0/5) Lair:5
    Orc (2/2) D:10            Elf (3/3) Orc:2        Vaults (5/5) D:14
  Crypt (0/3) Vaults:2     Depths (5/5) D:15            Zot (5/5) Depths:5
  IceCv (visited)          WizLab (visited)         Desolation (visited)
Gauntlet (visited)

Altars:
Ashenzari
Cheibriados
Dithmenos
Elyvilon
Fedhas
Gozag
Hepliaklqana
Kikubaaqudgha
Makhleb
Nemelex Xobeh
Okawaru
Qazlal
Ru
Sif Muna
Trog
Uskayaw
Vehumet
Wu Jian
Xom
Yredelemnul
Zin
The Shining One
Beogh

Shops:
D:6 *(:[?   D:8 *   D:9 :((:   D:11 :   Orc:2 [*!*   Elf:1 (=*   Elf:2 :
Snake:1 :*:   Snake:2 ?   Snake:3 ::=   Vaults:3 ?   Vaults:4 (   Depths:3 *

Portals:
Hell: Lair:6 Depths:1 Depths:2 Depths:4 Depths:5
Abyss: Depths:1 Depths:5
Pandemonium: Depths:1 Depths:3
Ziggurat: Depths:3

Annotations:
Lair:1 exclusion: hydra
Lair:2 3 runed translucent doors, Bajosicy's ghost, journeyman HuHu
Lair:3 exclusion: hydra
Lair:5 exclusion: 2 oklob plants


Innate Abilities, Weirdness & Mutations

You can breathe blasts of noxious fumes.
Your lurid green scales are hard. (AC +13)
You cannot fit into any form of body armour.
Your tail ends in a poisonous barb.
Your system is resistant to poisons. (rPois)
You are cold-blooded and may be slowed by cold attacks.
You tend to lose your temper in combat.
You are clumsy. (Dex -2)
You are highly strong-willed. (Will++)
You are resistant to electric shocks. (rElec)
Your spells are a little harder to cast, but a little more powerful.
You expend magic power (3 MP) to strengthen your wands.


Message History

You block the Orb Guardian's attack.
You barely miss the Orb Guardian.
Your tail-slap misses the Orb Guardian.
The Orb Guardian is moderately wounded.
You barely miss the Orb Guardian.
You tail-slap the Orb Guardian, but do no damage.
The Orb Guardian is moderately wounded.
You block the Orb Guardian's attack.
You punch the Orb Guardian!
The Orb Guardian is heavily wounded.
The Orb Guardian hits you.
You hit the Orb Guardian.
The Orb Guardian is heavily wounded.
You pummel the Orb Guardian!!
You tail-slap the Orb Guardian, but do no damage.
The Orb Guardian is almost dead.
You block the Orb Guardian's attack.
You barely miss the Orb Guardian.
Your tail-slap misses the Orb Guardian.
The Orb Guardian is almost dead.
The Orb Guardian hits you.
You barely miss the Orb Guardian.
You tail-slap the Orb Guardian, but do no damage.
The Orb Guardian is almost dead.
You block the Orb Guardian's attack.
You hit the Orb Guardian but do no damage.
You tail-slap the Orb Guardian.
The Orb Guardian is poisoned.
The Orb Guardian is almost dead.
You closely miss the Orb Guardian.
The Orb Guardian is almost dead.
The Orb Guardian completely misses you.
You pummel the Orb Guardian!!
You kill the Orb Guardian!
Cheibriados appreciates the change of pace.
You are a level 27 Green Draconian Transmuter.
I'm sorry, level 27 is as high as you can go.
With the way you've been playing, I'm surprised you got this far.
Play time: 01:51:41 (65628 turns).
You are forever immune to Zot's power.
Unknown command.
HP restored.
There is a staircase leading out of the dungeon here.
You have escaped!

.##.#.###.# #.......##.#
....#.....# ########..#.##.#
############ #.....§...#.##.#
...........# #.§≈§≈§≈≈.#.##.#
.#########.###.≈§.§§.≈.#.##.# .#
#......§....≈...##.# .###
#..≈≈§≈≈≈≈..≈...##.# ...#
#..≈.....≈.§§.#.##.# .#.#
#..≈..≈@...§≈§#....# ##.#
#..≈..≈≈≈≈§§§§######### .#.#
#..≈...§...§.§# #....#
.#.#######..≈..§..≈.#### #.##.#
.#.#........≈§≈≈≈≈≈.# #.##.#
.........#..........#######.##.#
##.#.###.#.####...........#.##.#
...#.# #.#........#######.#.##.#
.###.# #.#......#.# #...#.##.##


There were no monsters in sight!

Vanquished Creatures
  5 dread liches
  9 ancient liches
  A pandemonium lord (Zot:1)
  6 orbs of fire
  Mara (Depths:3)
  A juggernaut (Depths:1)
  Boris (thrice) (Vaults:3 Vaults:4 Depths:2)
  Vashnia (Snake:3)
  A curse toe (Zot:5)
  2 caustic shrikes
  3 Killer Klowns (Zot:5)
  6 golden dragons
  Nikola (Elf:3)
  A profane servitor (Zot:4)
  3 electric golems
  A Tzitzimitl (D:4)
  A Brimstone Fiend (D:7)
  9 tentacled monstrosities
  6 titans
  A Hell Sentinel (D:2)
  2 liches
  32 Orb Guardians
  2 deep elf blademasters (Elf:3)
  2 deep elf master archers (Elf:3)
  10 sphinxes
  An Executioner (Zot:1)
  5 quicksilver dragons
  A death cob (Zot:1)
  A thorn hunter (Swamp:4)
  Donald (Snake:4)
  13 shadow dragons
  A draconian monk (Zot:5)
  7 tengu reavers
  6 nagarajas
  13 storm dragons
  The ghost of szrap the Slicer, an adept VSFi of Uskayaw (Snake:4)
  A revenant (Vaults:2)
  A draconian scorcher (Zot:5)
  The ghost of Jusuc the Executioner, a journeyman MiBe of Trog (Depths:5)
  12 fire giants
  The ghost of Qemahefa the Bludgeoner, an adept GrFi of Okawaru (Swamp:4)
  7 deep elf sorcerers
  A cacodemon (Zot:4)
  10 frost giants
  An iron dragon (Vaults:5)
  2 imperial myrmidons (Desolation)
  Aizul (Snake:3)
  3 orc warlords
  16 vault wardens
  2 draconian stormcallers
  A balrug (Zot:4)
  2 draconian annihilators (Depths:5)
  A draconian shifter (Zot:5)
  2 deep elf elementalists (Elf:3)
  20 ironbound preservers
  10 very ugly things
  6 spriggan defenders
  4 war gargoyles
  24 stone giants
  The ghost of FoldJersClassic the Severer, a journeyman MiFi of Okawaru (Lair:6)
  9 deep elf demonologists
  4 green draconians
  2 vampire knights
  An entropy weaver (Vaults:3)
  11 deep elf annihilators
  2 halazid warlocks (Desolation)
  A white draconian (Zot:1)
  5 black draconians
  6 purple draconians
  6 red draconians
  A minotaur (Gauntlet)
  6 yellow draconians
  4 dire elephants
  A bunyip (Swamp:4)
  7 deep elf death magi
  10 spark wasps
  An eidolon (Vaults:2)
  4 eleionomae
  Snorg (D:10)
  A green death (Gauntlet)
  2 crystal guardians (Desolation)
  14 ettins
  6 mummy priests (WizLab)
  11 yaktaur captains
  4 ironbound thunderhulks
  29 slime creatures
  43 vault guards
  18 fire dragons
  9 great orbs of eyes
  16 ice dragons
  6 peacekeepers
  11 servants of whispers (Desolation)
  21 naga warriors
  9 deep elf high priests
  6 boulder beetles
  3 salamander tyrants (Snake:4)
  6 rakshasas
  4 ragged hierophants (Desolation)
  A hell beast (Depths:2)
  8 anacondas
  A monstrous demonspawn (Depths:1)
  2 ghost crabs
  3 ogre magi
  27 hydras
  13 centaur warriors
  9 spriggan air magi
  2 death yaks (shapeshifter) (Vaults:5)
  Erica (D:10)
  39 dancing weapons
  13 alligators
  13 two-headed ogres
  8 ironbound frosthearts
  14 deep troll earth magi
  Urug (Lair:3)
  8 spriggan berserkers
  6 tengu warriors
  19 death yaks
  2 orc high priests
  3 vampire magi
  A shock serpent (shapeshifter) (Depths:4)
  8 ironbound beastmasters
  20 naga sharpshooters
  Sonja (Lair:6)
  10 deep troll shamans
  5 shock serpents
  6 hell knights
  23 deep elf knights
  2 sixfirhies (Zot:4)
  4 sun demons
  4 iron trolls
  10 swamp dragons
  3 flayed ghosts
  A glowing orange brain (shapeshifter) (Elf:2)
  8 salamander mystics
  7 spriggan druids
  4 goliath frogs
  68 deep trolls
  9 phantasmal warriors
  A shadow demon (Zot:3)
  8 bog bodies
  3 glowing orange brains
  10 orc knights
  A sphinx zombie (WizLab)
  25 deep elf archers
  11 wizards
  28 ironbound convokers
  26 deep elf pyromancers
  13 lindwurms
  A shadow dragon zombie (WizLab)
  2 wolf spiders (D:12)
  24 deep elf zephyrmancers
  35 ugly things
  A harpy (Depths:2)
  6 naga ritualists
  5 cyclopes
  2 necromancers (Vaults:4)
  11 mana vipers
  A stone giant zombie (WizLab)
  5 manticores
  2 orc sorcerers (Orc:2)
  6 oklob plants
  4 will-o-the-wisps
  4 human zombies (Vaults:4)
  A faun (shapeshifter) (Depths:5)
  4 guardian serpents
  8 salamanders
  17 elephants
  20 moths of wrath
  2 ice statues (IceCv)
  6 orange demons
  2 rust devils
  24 vault sentinels
  23 naga magi
  15 cane toads
  2 smoke demons
  32 black mambas
  A cane toad (shapeshifter) (D:13)
  A hellion (Depths:1)
  A gargoyle (D:11)
  A torpor snail (shapeshifter) (Depths:1)
  2 spriggan zombies (WizLab)
  An unseen horror (Depths:5)
  22 yaktaurs
  4 freezing wraiths
  An efreet (D:13)
  9 komodo dragons
  An elf zombie (WizLab)
  7 tengu conjurers
  A yaktaur (shapeshifter) (Vaults:3)
  4 ice devils
  A tormentor (Zot:5)
  A kobold demonologist (D:13)
  2 spectral salamanders (Snake:4)
  An anaconda simulacrum (Snake:4)
  3 rime drakes (Lair:6)
  2 hydra zombies (Swamp:2)
  A hellwing (D:12)
  4 guardian mummies (WizLab)
  A jumping spider (D:12)
  3 spectral nagas (Snake:4)
  6 meliai
  3 polar bears
  8 tyrant leeches
  20 trolls
  15 blink frogs
  Prince Ribbit (D:8)
  A fire dragon zombie (WizLab)
  18 hornets
  A deep troll zombie (WizLab)
  51 saltlings
  A raiju (shapeshifter) (Depths:5)
  A spectral black mamba (Snake:4)
  Sigmund (D:7)
  A shadow (D:12)
  2 centaur simulacra
  A shock serpent simulacrum (Snake:4)
  28 spriggans
  A ynoxinul (Depths:3)
  20 water elementals
  2 yaks (shapeshifter) (D:15)
  An air elemental (Elf:3)
  A tarantella (shapeshifter) (Elf:3)
  2 tarantellas (D:12)
  2 redbacks (D:12)
  7 wyverns
  A vampire (D:12)
  4 wraiths
  3 fire elementals
  A hog (shapeshifter) (D:13)
  6 basilisks
  30 yaks
  A chaos spawn (Depths:1)
  A neqoxec (Depths:1)
  A death yak simulacrum (IceCv)
  11 vampire mosquitoes
  52 nagas
  15 swamp worms
  Edmund (D:7)
  2 wargs (Orc:1)
  An acid dragon (D:10)
  2 floating eyes (Depths:4)
  9 hell hounds
  16 water moccasins
  A hornet zombie (D:9)
  9 swamp drakes
  2 sky beasts (D:6)
  An ice beast (D:12)
  4 black bears
  40 orc warriors
  10 boggarts
  22 ogres
  11 centaurs
  31 wolves
  A phantom (D:3)
  3 kobold brigands
  A bullfrog (shapeshifter) (Depths:4)
  14 bullfrogs
  2 gnoll sergeants
  An earth elemental (Elf:2)
  A scorpion (D:7)
  A naga simulacrum (Snake:4)
  3 water moccasin skeletons
  5 killer bees (D:10)
  9 wights
  11 electric eels
  5 howler monkeys
  3 lava snakes (D:12)
  4 jellies
  2 gnoll shamans
  5 centaur zombies
  A bullfrog zombie (D:6)
  A hound (D:3)
  2 centaur skeletons
  18 orc priests
  10 orc wizards
  A polar bear simulacrum (IceCv)
  3 hell rats (D:8)
  A wolf simulacrum (IceCv)
  A hound zombie (D:5)
  A howler monkey zombie (D:9)
  18 gnolls
  6 adders
  2 river rats (D:8)
  2 shadow imps
  21 white imps
  An ufetubus (D:12)
  2 worms (D:3)
  3 dart slugs
  56 orcs
  5 bats
  12 endoplasms
  4 giant cockroaches
  10 goblins
  8 hobgoblins
  8 jackals
  19 kobolds
  3 quokkas
  12 ball pythons
  A frilled lizard (D:1)
  6 rats
  4 fungi (Depths:5)
2240 creatures vanquished.

Vanquished Creatures (collateral kills)
  2 spark wasps (Depths:5)
  A killer bee (D:10)
3 creatures vanquished.

Vanquished Creatures (others)
  An ettin (Depths:5)
  An alligator (Swamp:1)
  A tengu conjurer (Depths:2)
  4 bloated husks
  A vampire mosquito (Swamp:1)
  A cane toad simulacrum (IceCv)
  2 electric eels (D:13)
  An orc wizard (D:11)
  2 orcs (Elf:1)
  A briar patch (Swamp:4)
  A bush (Lair:6)
  10 foxfires
  25 fungi
  108 plants
159 creatures vanquished.

Grand Total: 2402 creatures vanquished

Notes
Turn   | Place    | Note
-------+----------+-------------------------------------------
     0 | D:1      | Sharkman1231 the Draconian Transmuter began the quest for
                  | the Orb.
     0 | D:1      | Reached XP level 1. HP: 16/16 MP: 3/3
   288 | D:1      | Reached XP level 2. HP: 16/23 MP: 5/5
   602 | D:1      | Learned a level 2 spell: Wereblood
   996 | D:1      | Reached XP level 3. HP: 27/29 MP: 6/6
  2234 | D:2      | Reached skill level 4 in Unarmed Combat
  2302 | D:2      | Found a faded altar of an unknown god.
  2364 | D:2      | Reached XP level 4. HP: 7/36 MP: 7/7
  3317 | D:3      | Reached XP level 5. HP: 36/42 MP: 4/8
  3517 | D:2      | HP: 1/42 [orc (8)]
  4255 | D:3      | Learned a level 3 spell: Spider Form
  4398 | D:3      | Reached skill level 5 in Unarmed Combat
  4679 | D:4      | Found a hide-covered altar of Uskayaw.
  4680 | D:4      | Found a shimmering blue altar of Sif Muna.
  4687 | D:4      | Noticed a phantom
  4692 | D:4      | Became a worshipper of Sif Muna the Loreminder
  4722 | D:3      | Killed a phantom
  4723 | D:3      | Reached XP level 6. HP: 15/51 MP: 9/9
  5562 | D:4      | Identified the +6 whip of Kindness {vorpal, rElec}
  5591 | D:4      | Found a burning altar of Makhleb.
  5727 | D:4      | Found a hazy altar of Hepliaklqana.
  5727 | D:4      | Found a sparkling altar of Nemelex Xobeh.
  5731 | D:4      | Found a shadowy altar of Dithmenos.
  5996 | D:4      | Found a blossoming altar of Fedhas.
  6085 | D:5      | Entered Level 5 of the Dungeon
  6116 | D:5      | Found a basalt altar of Yredelemnul.
  6704 | D:6      | Reached skill level 6 in Unarmed Combat
  6704 | D:6      | Your scales start taking on a lurid green colour.
  6704 | D:6      | Reached XP level 7. HP: 44/59 MP: 6/10
  6704 | D:6      | Gained mutation: Your system is resistant to poisons.
                  | (rPois) [Green Draconian growth]
  6733 | D:6      | Found Suarep's Weapon Shop.
  7427 | D:6      | Reached skill level 7 in Unarmed Combat
  7762 | D:6      | Found Qupoupu's Antique Armour Emporium.
  7775 | D:6      | Reached skill level 5 in Fighting
  7775 | D:6      | Reached XP level 8. HP: 59/68 MP: 8/11
  7783 | D:6      | Found Saumopp's Magic Scroll Emporium.
  7816 | D:6      | Bought a glowing buckler for 142 gold pieces
  7816 | D:6      | Bought a pair of gloves for 85 gold pieces
  7855 | D:6      | Found Cipiosin's Book Shoppe.
  7915 | D:6      | Reached skill level 5 in Transmutations
  7977 | D:6      | Bought a scroll of teleportation for 39 gold pieces
  8095 | D:6      | Found Irun's General Store.
  8105 | D:6      | Reached skill level 1 in Shields
  8343 | D:7      | Reached * piety under Sif Muna
  8370 | D:7      | Reached skill level 8 in Unarmed Combat
  8601 | D:7      | Found a staircase to the Ecumenical Temple.
  8715 | D:7      | Noticed Sigmund
  8729 | D:7      | Killed Sigmund
  8751 | D:7      | Noticed Edmund
  8773 | D:7      | Killed Edmund
  8867 | D:7      | You fall into a shaft and drop 2 floors!
  8877 | D:9      | Reached XP level 9. HP: 75/75 MP: 8/12
  8985 | D:8      | Noticed a death yak
  8985 | D:8      | Noticed a death yak
  9134 | D:8      | Noticed a death yak
  9159 | D:8      | Reached ** piety under Sif Muna
  9160 | D:8      | Reached skill level 9 in Unarmed Combat
  9191 | D:8      | Killed a death yak
  9211 | D:8      | Reached skill level 10 in Unarmed Combat
  9594 | D:8      | Noticed Prince Ribbit
  9625 | D:8      | Killed Prince Ribbit
  9626 | D:8      | Reached XP level 10. HP: 48/86 MP: 13/13
  9817 | D:8      | Found a staircase to the Lair.
 10131 | D:8      | Found Bipiah's Demolitions Depot.
 10386 | D:8      | Killed a death yak
 10777 | D:8      | Killed a death yak
 10778 | D:8      | Reached skill level 11 in Unarmed Combat
 11179 | D:7      | Found a shimmering altar of Xom.
 11208 | D:7      | Found an opulent altar of Gozag.
 11465 | D:9      | Found Uffash's Book Emporium.
 11587 | D:9      | Fell from the grace of Sif Muna
 11631 | D:9      | Found Semax's Weapon Boutique.
 11769 | Temple   | Entered the Ecumenical Temple
 12144 | Temple   | Became a worshipper of Cheibriados the Contemplative
 12206 | Lair:1   | Entered Level 1 of the Lair of Beasts
 12206 | Lair:1   | Noticed a cane toad
 12206 | Lair:1   | Noticed a cane toad
 12215 | D:8      | Killed a cane toad
 12313 | D:8      | Killed a cane toad
 12473 | Lair:1   | Noticed an eight-headed hydra
 12605 | Lair:1   | Reached XP level 11. HP: 77/97 MP: 15/15
 12885 | Lair:1   | Reached skill level 12 in Unarmed Combat
 13335 | Lair:1   | Reached * piety under Cheibriados
 14919 | D:9      | Found Ywelogud's Book Shoppe.
 15048 | D:9      | Found Legyfoal's Weapon Shop.
 15506 | D:10     | Entered Level 10 of the Dungeon
 15556 | D:10     | Reached ** piety under Cheibriados
 15657 | D:10     | Noticed Erica
 15827 | D:10     | Killed Erica
 16364 | D:10     | Identified the +1 helmet of Foolhardiness {Int+4}
 16372 | D:10     | Noticed Snorg
 16711 | D:10     | Killed Snorg
 16830 | D:10     | Found a staircase to the Orcish Mines.
 16944 | Orc:1    | Entered Level 1 of the Orcish Mines
 17089 | Orc:1    | Reached skill level 10 in Fighting
 17324 | D:9      | Bought a book of Sloth for 432 gold pieces
 17331 | D:9      | Learned a level 6 spell: Statue Form
 17386 | Orc:2    | Entered Level 2 of the Orcish Mines
 17388 | Orc:2    | Noticed a two-headed ogre
 17388 | Orc:2    | Noticed a stone giant
 17389 | Orc:2    | Noticed a two-headed ogre
 17403 | Orc:2    | Found Waunifem's Distillery.
 17403 | Orc:2    | Noticed a two-headed ogre
 17403 | Orc:2    | Noticed an ogre mage
 17403 | Orc:2    | Noticed a two-headed ogre
 17403 | Orc:2    | Noticed a deep troll
 17404 | Orc:2    | Noticed a two-headed ogre
 17405 | Orc:2    | Noticed a two-headed ogre
 17567 | Lair:2   | Reached XP level 12. HP: 102/106 MP: 15/19
 17665 | Lair:2   | Reached *** piety under Cheibriados
 17666 | Lair:2   | Reached skill level 1 in Earth Magic
 17687 | Lair:2   | Reached skill level 13 in Unarmed Combat
 17896 | Lair:2   | Found a runed translucent gate.
 17898 | Lair:2   | Found a runed translucent gate.
 17898 | Lair:2   | Noticed a nine-headed hydra
 17899 | Lair:2   | Found a runed translucent gate.
 18040 | Lair:2   | Was forgiven by Sif Muna
 18329 | Lair:2   | Noticed Bajosicy's ghost (journeyman HuHu)
 18329 | Lair:2   | Noticed a ten-headed hydra
 18973 | Lair:3   | Reached **** piety under Cheibriados
 19073 | Lair:3   | Noticed Urug
 19094 | Lair:3   | Killed Urug
 19316 | Lair:3   | Noticed an eight-headed hydra
 19339 | Lair:3   | You fall into a shaft and drop 2 floors!
 19354 | Lair:5   | Noticed a death yak
 19355 | Lair:5   | Noticed a death yak
 19355 | Lair:5   | Noticed a death yak
 19355 | Lair:5   | Noticed a death yak
 19356 | Lair:5   | Noticed a death yak
 19372 | Lair:5   | Killed a death yak
 19382 | Lair:5   | Noticed a six-headed hydra
 19391 | Lair:4   | Identified 2 scrolls of acquirement
 19391 | Lair:4   | Acquired a +2 kite shield of cold resistance
 19500 | Lair:4   | Acquired 1039 gold pieces
 19535 | Lair:4   | Noticed a boulder beetle
 19545 | Lair:4   | Killed a boulder beetle
 19546 | Lair:4   | Reached skill level 10 in Transmutations
 19582 | Lair:4   | Reached skill level 5 in Earth Magic
 19592 | Lair:4   | Reached ***** piety under Cheibriados
 19593 | Lair:4   | Reached skill level 5 in Dodging
 19624 | Lair:4   | Found a frozen archway.
 19656 | IceCv    | Entered an ice cave
 19662 | IceCv    | Found a transporter.
 19859 | IceCv    | Found a transporter.
 20159 | Lair:4   | Reached XP level 13. HP: 115/115 MP: 18/20
 20481 | Lair:3   | Found a staircase to the Snake Pit.
 20854 | Lair:3   | Identified the +5 pair of boots of Liberty {rN+ Str+3
                  | Stlth+}
 21053 | Lair:4   | Found a staircase to the Swamp.
 21507 | Lair:4   | Gained mutation: Your magical capacity is low. (-10% MP)
                  | [mutagenic glow]
 21623 | Lair:4   | Reached skill level 1 in Invocations
 21842 | Lair:4   | Reached skill level 5 in Spellcasting
 22264 | Lair:4   | Lost mutation: Your magical capacity is low. (-10% MP)
                  | [potion of mutation]
 22264 | Lair:4   | Gained mutation: You are clumsy. (Dex -2) [potion of
                  | mutation]
 22264 | Lair:4   | Gained mutation: You occasionally shout uncontrollably at
                  | your foes. [potion of mutation]
 22264 | Lair:4   | Lost mutation: You are clumsy. (Dex -2) [potion of
                  | mutation]
 22265 | Lair:4   | Gained mutation: Your spells are a little easier to cast,
                  | but a little less powerful. [potion of mutation]
 22266 | Lair:4   | Lost mutation: Your spells are a little easier to cast, but
                  | a little less powerful. [potion of mutation]
 22266 | Lair:4   | Lost mutation: You occasionally shout uncontrollably at
                  | your foes. [potion of mutation]
 22266 | Lair:4   | Gained mutation: You have large cloven feet. [potion of
                  | mutation]
 22266 | Lair:4   | Gained mutation: You are dopey. (Int -2) [potion of
                  | mutation]
 22267 | Lair:4   | Gained mutation: You tend to lose your temper in combat.
                  | [potion of mutation]
 22267 | Lair:4   | Gained mutation: You are strong-willed. (Will+) [potion of
                  | mutation]
 22268 | Lair:4   | Lost mutation: You have large cloven feet. [potion of
                  | mutation]
 22268 | Lair:4   | Lost mutation: You tend to lose your temper in combat.
                  | [potion of mutation]
 22268 | Lair:4   | Lost mutation: You are dopey. (Int -2) [potion of mutation]
 22268 | Lair:4   | Gained mutation: Your spells are a little easier to cast,
                  | but a little less powerful. [potion of mutation]
 22268 | Lair:4   | Gained mutation: You are clumsy. (Dex -2) [potion of
                  | mutation]
 22575 | Lair:5   | Reached ****** piety under Cheibriados
 23383 | Lair:6   | Entered Level 6 of the Lair of Beasts
 23389 | Lair:6   | Lost mutation: You are clumsy. (Dex -2) [potion of
                  | mutation]
 23389 | Lair:6   | Lost mutation: Your spells are a little easier to cast, but
                  | a little less powerful. [potion of mutation]
 23389 | Lair:6   | Gained mutation: You are clumsy. (Dex -2) [potion of
                  | mutation]
 23389 | Lair:6   | Gained mutation: You are somewhat resistant to further
                  | mutation. [potion of mutation]
 23398 | Lair:6   | Reached skill level 5 in Invocations
 23410 | Lair:6   | Noticed FoldJersClassic's ghost (journeyman MiFi)
 23796 | Lair:6   | Found a bloodstained altar of Trog.
 23816 | Lair:6   | Gained mutation: Your tail ends in a poisonous barb. [Green
                  | Draconian growth]
 23816 | Lair:6   | Reached XP level 14. HP: 94/122 MP: 10/24
 23832 | Lair:6   | Noticed Sonja
 23843 | Lair:6   | Reached skill level 1 in Evocations
 23846 | Lair:6   | Killed Sonja
 24123 | Lair:6   | Found a transporter.
 24126 | Lair:6   | Found a transporter.
 24587 | Lair:6   | Reached skill level 10 in Earth Magic
 24867 | Lair:6   | Found a burning altar of Makhleb.
 24903 | Lair:6   | Found a gateway to Hell.
 25927 | Lair:6   | Killed FoldJersClassic's ghost
 26724 | Lair:5   | Found a staircase to the Slime Pits.
 27321 | D:11     | Found Laceon's Book Emporium.
 27810 | D:12     | Reached skill level 10 in Invocations
 27917 | D:12     | Found a runed translucent door.
 27946 | D:12     | Reached XP level 15. HP: 128/128 MP: 19/27
 27964 | D:12     | Found a runed translucent gate.
 27966 | D:12     | Found a runed translucent gate.
 27966 | D:12     | Identified the +8 whip of Ekampuj {vorpal, rF+ rN++ Int+3}
 27967 | D:12     | Found a runed translucent gate.
 27967 | D:12     | Found a runed translucent gate.
 27967 | D:12     | Found a runed translucent gate.
 27968 | D:12     | Found a runed translucent gate.
 28304 | D:12     | Identified the ring "Vewinosch" {Fire rPois rCorr MP+9
                  | Str+5}
 28386 | D:12     | Identified the +5 war axe of Ireis {flame, rElec Will+}
 29154 | D:13     | Reached skill level 14 in Unarmed Combat
 29815 | D:14     | Found a gate to the Vaults.
 30246 | D:14     | Reached skill level 5 in Shields
 30303 | D:14     | Found a large runed translucent door.
 30303 | D:14     | Found a large runed translucent door.
 30583 | D:14     | Reached XP level 16. HP: 137/137 MP: 28/28
 30716 | D:14     | Found a white marble altar of Elyvilon.
 31067 | D:15     | Entered Level 15 of the Dungeon
 31153 | D:15     | Found a gate leading to a gauntlet.
 31184 | Gauntlet | Entered a Gauntlet
 31184 | Gauntlet | Found a transporter.
 31184 | Gauntlet | Found a transporter.
 31184 | Gauntlet | Found a transporter.
 31188 | Gauntlet | Found a transporter.
 31190 | Gauntlet | Found a large runed translucent door.
 31191 | Gauntlet | Found a large runed translucent door.
 31192 | Gauntlet | Found a large runed translucent door.
 31192 | Gauntlet | Found a large runed translucent door.
 31192 | Gauntlet | Found a runed translucent door.
 31193 | Gauntlet | Found a large runed translucent door.
 31194 | Gauntlet | Found a large runed translucent door.
 31195 | Gauntlet | Found a large runed translucent door.
 31195 | Gauntlet | Found a large runed translucent door.
 31196 | Gauntlet | Found a runed translucent gate.
 31198 | Gauntlet | Found a transporter.
 31215 | Gauntlet | Found a transporter.
 31220 | Gauntlet | Found a transporter.
 31237 | Gauntlet | Found a transporter.
 31245 | Gauntlet | Found a transporter.
 31262 | Gauntlet | Found a transporter.
 31305 | Gauntlet | Found a large runed translucent door.
 31306 | Gauntlet | Found a large runed translucent door.
 31307 | Gauntlet | Found a large runed translucent door.
 31307 | Gauntlet | Found a large runed translucent door.
 31307 | Gauntlet | Found a runed translucent door.
 31308 | Gauntlet | Found a large runed translucent door.
 31309 | Gauntlet | Found a large runed translucent door.
 31310 | Gauntlet | Found a large runed translucent door.
 31310 | Gauntlet | Found a large runed translucent door.
 31311 | Gauntlet | Found a runed translucent gate.
 31311 | Gauntlet | Found a runed translucent gate.
 31313 | Gauntlet | Found a transporter.
 31345 | Gauntlet | Found a transporter.
 31400 | Gauntlet | Identified the +6 lajatang of the Bouncing Youths {drain,
                  | rPois rCorr Int-4}
 31443 | Gauntlet | Identified the +0 cloak of Nemelex Xobeh {rC- rCorr Str+3}
 31459 | Gauntlet | Identified the +0 scale mail of the Alphagorgon {rN+ Str+4
                  | Int-3}
 31474 | Gauntlet | Identified the +9 rapier of Giuliot {freeze, rC+ Str+9
                  | Int-5 SInv}
 31489 | Gauntlet | Identified the +1 robe of Vanity {Drain +Inv rElec Dex+5}
 31715 | D:15     | Reached skill level 15 in Unarmed Combat
 32114 | D:15     | Found an ornate altar of the Wu Jian Council.
 32243 | D:15     | Found a staircase to the Depths.
 32250 | D:15     | Reached XP level 17. HP: 146/146 MP: 20/29
 32496 | Orc:2    | Found Wihefat's General Store.
 32993 | Orc:2    | Found Munylim's Antique Armour Shop.
 33083 | Orc:2    | Found Fenu's General Store.
 33085 | Orc:2    | Bought a scroll of blinking for 120 gold pieces
 33235 | Orc:2    | Bought a potion of might for 52 gold pieces
 33235 | Orc:2    | Bought a potion of curing for 39 gold pieces
 33239 | Orc:2    | Found a staircase to the Elven Halls.
 33550 | Orc:2    | Bought a scroll of acquirement for 572 gold pieces
 33550 | Orc:2    | Bought a book of Transfigurations for 440 gold pieces
 33558 | Orc:2    | Learned a level 7 spell: Dragon Form
 33558 | Orc:2    | Acquired 1081 gold pieces
 33682 | D:6      | Bought an amulet of regeneration for 360 gold pieces
 33772 | D:6      | Bought a scroll of blinking for 97 gold pieces
 33772 | D:6      | Bought a scroll of teleportation for 39 gold pieces
 33772 | D:6      | Bought a scroll of teleportation for 39 gold pieces
 33772 | D:6      | Bought a scroll of teleportation for 39 gold pieces
 33772 | D:6      | Bought a scroll of vulnerability for 97 gold pieces
 33772 | D:6      | Bought a scroll of enchant armour for 97 gold pieces
 33772 | D:6      | Bought a scroll of identify for 26 gold pieces
 33853 | D:6      | Bought a scroll of magic mapping for 42 gold pieces
 33964 | D:11     | Bought a book of the Senses for 384 gold pieces
 33970 | D:11     | Learned a level 5 spell: Silence
 34123 | Snake:1  | Entered Level 1 of the Snake Pit
 34137 | Snake:1  | Reached skill level 1 in Hexes
 34137 | Snake:1  | Reached skill level 1 in Air Magic
 34192 | Snake:1  | Found Anwac's Self-Improvement Boutique.
 34222 | Snake:1  | Bought a manual of Unarmed Combat for 1360 gold pieces
 34255 | Snake:1  | Found Midaar's Book Emporium.
 34255 | Snake:1  | Found Tucwysa's General Store.
 34810 | Snake:2  | Found Jagoeqot's Magic Scroll Shoppe.
 34862 | Snake:2  | Bought a scroll of teleportation for 51 gold pieces
 35153 | Snake:2  | Reached skill level 5 in Air Magic
 35425 | Snake:2  | Reached skill level 5 in Hexes
 35828 | Snake:3  | Found a transporter.
 35864 | Snake:3  | Noticed Vashnia
 35872 | Snake:3  | Noticed Aizul
 35873 | Snake:3  | Killed Vashnia
 36136 | Snake:3  | Reached XP level 18. HP: 154/154 MP: 25/30
 36142 | Snake:3  | Killed Aizul
 36276 | Snake:3  | Found a transporter.
 36582 | Snake:3  | Found Hoek's Book Boutique.
 36583 | Snake:3  | Found Xihonesk's Jewellery Shoppe.
 36584 | Snake:3  | Found Zicemm's Book Boutique.
 36886 | Snake:3  | Identified the +6 long sword of the Final Wonders {venom,
                  | Drain rN+ rCorr}
 36892 | Snake:3  | Identified the ring of Ceewi {rF+ Str+6}
 36902 | Snake:3  | Identified the amulet "Biwonoq" {RegenMP rF+ Will+ Str-3}
 36958 | Snake:4  | Entered Level 4 of the Snake Pit
 36958 | Snake:4  | Noticed Donald
 36966 | Snake:4  | Killed Donald
 37047 | Snake:4  | Acquired 515 gold pieces
 37693 | Snake:4  | Reached skill level 16 in Unarmed Combat
 37844 | Snake:4  | Found a runed translucent gate.
 37844 | Snake:4  | Found a runed translucent gate.
 37844 | Snake:4  | Found a runed translucent gate.
 37888 | Snake:4  | Noticed szrap's ghost (adept VSFi)
 37915 | Snake:4  | Killed szrap's ghost
 37918 | Snake:4  | Reached skill level 17 in Unarmed Combat
 38177 | Snake:4  | Reached skill level 18 in Unarmed Combat
 38190 | Snake:4  | Got a serpentine rune of Zot
 38597 | Swamp:1  | Entered Level 1 of the Swamp
 38772 | Swamp:1  | Reached skill level 19 in Unarmed Combat
 38780 | Swamp:1  | Reached XP level 19. HP: 137/160 MP: 27/31
 39276 | Swamp:2  | Identified the +0 pair of gloves of the Snake Pit {SInv}
 39279 | Swamp:2  | Got Tumuroemey's Tome of Reanimation Made Easy
 40066 | Swamp:3  | Reached skill level 20 in Unarmed Combat
 40509 | Swamp:2  | Identified the +5 steam dragon scales "Tah Qurr" {rElec
                  | rPois rN++ Will-}
 40622 | Swamp:4  | Entered Level 4 of the Swamp
 40872 | Swamp:4  | Got a decaying rune of Zot
 40958 | Swamp:4  | Reached skill level 21 in Unarmed Combat
 41117 | Swamp:4  | Found an ancient bone altar of Kikubaaqudgha.
 41361 | Swamp:4  | Found a large runed translucent door.
 41361 | Swamp:4  | Found a large runed translucent door.
 41368 | Swamp:4  | Noticed Qemahefa's ghost (adept GrFi)
 41376 | Swamp:4  | Killed Qemahefa's ghost
 41711 | Elf:1    | Entered Level 1 of the Elven Halls
 41793 | Elf:1    | Found Avyaclul's Antique Weapon Emporium.
 41836 | Elf:1    | Found a magical portal.
 41913 | WizLab   | Entered Doroklohe's Tomb
 42135 | WizLab   | Noticed a dread lich
 42135 | WizLab   | Identified the +1 robe "Faomynt" {Drain rF+ Int+5}
 42147 | WizLab   | Killed a dread lich
 42264 | WizLab   | Reached XP level 20. HP: 172/172 MP: 32/32
 42999 | Elf:1    | Found Wiezetuff's General Store.
 43113 | Elf:1    | Reached skill level 10 in Shields
 43133 | Elf:1    | Found Yluwnacwu's Jewellery Shop.
 43667 | Elf:1    | Found a runed translucent gate.
 43667 | Elf:1    | Found a runed translucent gate.
 43667 | Elf:1    | Found a runed translucent gate.
 43667 | Elf:1    | Found a runed translucent gate.
 43667 | Elf:1    | Found a runed translucent gate.
 43669 | Elf:1    | Found a runed translucent gate.
 43848 | Elf:1    | Acquired 918 gold pieces
 44086 | Snake:1  | Bought a manual of Dodging for 1440 gold pieces
 44110 | Snake:1  | Bought a manual of Dodging for 1360 gold pieces
 44612 | Elf:3    | Entered Level 3 of the Elven Halls
 44721 | Elf:2    | Reached skill level 10 in Dodging
 44957 | Elf:2    | Found Dopsebrurph's Book Boutique.
 45099 | Elf:2    | Found a runed translucent gate.
 45099 | Elf:2    | Found a runed translucent gate.
 45099 | Elf:2    | Found a runed translucent gate.
 46135 | Elf:3    | Noticed Nikola
 46145 | Elf:3    | Killed Nikola
 46254 | Elf:2    | Found an ancient bone altar of Kikubaaqudgha.
 46545 | Elf:3    | Identified the +4 scale mail of Rahom {Harm Drain rN+ MP+9}
 46549 | Elf:3    | Reached skill level 1 in Throwing
 46599 | Elf:3    | Reached XP level 21. HP: 183/183 MP: 27/33
 46697 | Elf:3    | Identified the amulet of Moderation {Acrobat Rampage rElec}
 47194 | Elf:3    | Reached skill level 5 in Throwing
 47205 | Elf:3    | Reached skill level 15 in Dodging
 47286 | Elf:3    | Got the Tome of the Louse
 47305 | Elf:3    | Got The Lost Secrets of Thaumaturgy
 47310 | Elf:3    | Identified the +6 hand crossbow "Orb Guardian's Bane"
                  | {vorpal, rN+}
 47737 | Elf:3    | Paralysed by an air elemental for 1 turns
 47932 | Vaults:1 | Entered Level 1 of the Vaults
 48400 | Vaults:1 | Learned a level 2 spell: Blink
 48432 | Vaults:1 | Reached skill level 1 in Translocations
 49679 | Vaults:2 | Reached XP level 22. HP: 191/191 MP: 34/34
 49865 | Vaults:2 | Reached skill level 15 in Shields
 49986 | Vaults:2 | Reached skill level 15 in Fighting
 50219 | Vaults:2 | Found a staircase to the Crypt.
 50559 | Vaults:3 | Found Zaeseylu's Magic Scroll Shoppe.
 50575 | Vaults:3 | Bought a scroll of teleportation for 30 gold pieces
 50575 | Vaults:3 | Bought a scroll of teleportation for 30 gold pieces
 50575 | Vaults:3 | Bought a scroll of teleportation for 30 gold pieces
 50575 | Vaults:3 | Bought a scroll of teleportation for 30 gold pieces
 50575 | Vaults:3 | Bought a scroll of immolation for 35 gold pieces
 50575 | Vaults:3 | Bought a scroll of vulnerability for 75 gold pieces
 50575 | Vaults:3 | Bought a scroll of holy word for 75 gold pieces
 50587 | Vaults:3 | Noticed Boris
 50596 | Vaults:3 | Killed Boris
 50627 | Vaults:3 | Found a crumbling gateway.
 50643 | Desolati | Entered the Desolation of Salt
 50684 | Desolati | Identified the +0 pair of gloves of Mezcal {+Inv rElec
                  | Dex+2}
 50700 | Desolati | Identified the ring "Nown" {rPois SInv}
 51010 | Desolati | Identified the +2 chain mail of Hysteria {Drain Will+
                  | Regen+}
 51011 | Desolati | Identified the +0 cloak of Fortitude {Contam +Inv rF++}
 51012 | Desolati | Identified the ring "Weved" {EV+4 Int+3}
 51102 | Desolati | Identified the ring of the Purple Skies {*Slow rF+ MP+9
                  | Str+6}
 51814 | Vaults:3 | Reached skill level 22 in Unarmed Combat
 52575 | Vaults:3 | Reached XP level 23. HP: 172/198 MP: 31/35
 53225 | Vaults:4 | Found Pugoq's Weapon Boutique.
 53288 | Vaults:4 | Noticed Boris
 53298 | Vaults:4 | Killed Boris
 53486 | Vaults:4 | Reached skill level 5 in Evocations
 54008 | Vaults:4 | Identified the +8 rapier "Soaluekh" {vorpal, rC+ MP+9
                  | Dex+4}
 54439 | Vaults:4 | Acquired 337 gold pieces
 54565 | Vaults:5 | Entered Level 5 of the Vaults
 54770 | Vaults:5 | Noticed an ancient lich
 54781 | Vaults:4 | Killed an ancient lich
 54782 | Vaults:4 | Reached skill level 23 in Unarmed Combat
 55051 | Vaults:5 | Noticed an ancient lich
 55054 | Vaults:5 | Killed an ancient lich
 55055 | Vaults:5 | Reached XP level 24. HP: 207/207 MP: 31/35
 55352 | Vaults:5 | Found the +8 storm bow {elec, penet}
 55446 | Vaults:5 | Reached skill level 24 in Unarmed Combat
 55631 | Vaults:5 | Identified the +8 arbalest of a treasure trove {speed, rF+}
 55640 | Vaults:5 | Got a silver rune of Zot
 55671 | Vaults:5 | Noticed an ancient lich
 55688 | Vaults:5 | Killed an ancient lich
 55894 | Vaults:5 | Noticed a dread lich
 55901 | Vaults:5 | Killed a dread lich
 56005 | Vaults:5 | Found the +4 dagger "Morg" {pain, Will+ Int+5}
 56510 | Depths:1 | Entered Level 1 of the Depths
 56804 | Depths:1 | Found a one-way gate to the infinite horrors of the Abyss.
 57197 | Depths:1 | Found a sparkling altar of Nemelex Xobeh.
 57362 | Depths:1 | Noticed a juggernaut
 57366 | Depths:1 | Killed a juggernaut
 57427 | Depths:1 | Reached skill level 25 in Unarmed Combat
 57643 | Depths:1 | Found a one-way gate leading to the halls of Pandemonium.
 57837 | Depths:2 | Reached XP level 25. HP: 221/221 MP: 35/35
 58007 | Depths:2 | Noticed Boris
 58013 | Depths:2 | Killed Boris
 59431 | Depths:3 | Found a bloodstained altar of Trog.
 59492 | Depths:3 | Reached skill level 26 in Unarmed Combat
 59571 | Depths:3 | Noticed Mara
 59580 | Depths:3 | Killed Mara
 59601 | Depths:3 | Noticed an ancient lich
 59604 | Depths:3 | Found a gateway to a ziggurat.
 60017 | Depths:3 | Found Uceiro Qanu's Overcharged Wands.
 60026 | Depths:3 | Bought a wand of digging (15) for 646 gold pieces
 60026 | Depths:3 | Bought a wand of acid (25) for 986 gold pieces
 60339 | Depths:3 | Killed an ancient lich
 60794 | Depths:4 | Reached XP level 26. HP: 234/234 MP: 31/35
 60875 | Depths:4 | Identified the +1 leather armour of the Thirteen Invaders
                  | {Harm rF- rN++ Str-3}
 60891 | Depths:4 | Reached skill level 27 in Unarmed Combat
 60972 | Depths:5 | Entered Level 5 of the Depths
 61059 | Depths:4 | Reached skill level 1 in Stealth
 61408 | Depths:4 | Found an opulent altar of Gozag.
 61752 | Depths:5 | Reached skill level 5 in Stealth
 61985 | Depths:5 | Found an iron altar of Okawaru.
 62038 | Depths:5 | Found a runed translucent gate.
 62040 | Depths:5 | Found a runed translucent gate.
 62041 | Depths:5 | Found a runed translucent gate.
 62041 | Depths:5 | Noticed Jusuc's ghost (journeyman MiBe)
 62050 | Depths:5 | Killed Jusuc's ghost
 62740 | Depths:5 | Found a gate to the Realm of Zot.
 62749 | Zot:1    | Entered Level 1 of the Realm of Zot
 63841 | Zot:3    | Noticed an orb of fire
 63847 | Zot:3    | Killed an orb of fire
 63965 | Zot:4    | Reached skill level 10 in Stealth
 63985 | Zot:5    | Entered Level 5 of the Realm of Zot
 64026 | Zot:5    | Reached XP level 27. HP: 204/250 MP: 33/35
 64076 | Zot:5    | Noticed an orb of fire
 64083 | Zot:5    | Killed an orb of fire
 64366 | Zot:5    | Noticed a dread lich
 64368 | Zot:5    | Killed a dread lich
 64422 | Zot:5    | Noticed an ancient lich
 64422 | Zot:5    | Noticed an orb of fire
 64429 | Zot:5    | Gained mutation: You are dopey. (Int -2) [an orb of fire]
 64432 | Zot:5    | Noticed an ancient lich
 64434 | Zot:5    | Killed an orb of fire
 64438 | Zot:5    | Killed an ancient lich
 64439 | Zot:5    | Noticed an ancient lich
 64443 | Zot:5    | Noticed an ancient lich
 64446 | Zot:5    | Killed an ancient lich
 64457 | Zot:5    | Killed an ancient lich
 64461 | Zot:5    | Killed an ancient lich
 64485 | Zot:5    | Noticed a dread lich
 64490 | Zot:5    | Killed a dread lich
 64637 | Zot:5    | Noticed an orb of fire
 64641 | Zot:5    | Noticed an orb of fire
 64643 | Zot:5    | Noticed an orb of fire
 64645 | Zot:5    | Noticed a dread lich
 64652 | Zot:5    | Gained mutation: You are occasionally teleported next to
                  | monsters. [an orb of fire]
 64653 | Zot:5    | Gained mutation: You sometimes lose the ability to read
                  | scrolls when taking damage. [an orb of fire]
 64654 | Zot:5    | Killed an orb of fire
 64670 | Zot:5    | Gained mutation: You are frail. (-10% HP) [an orb of fire]
 64676 | Zot:5    | Killed an orb of fire
 64685 | Zot:5    | Killed an orb of fire
 64687 | Zot:5    | Noticed an ancient lich
 64691 | Zot:5    | Killed an ancient lich
 64695 | Zot:5    | Lost mutation: You are dopey. (Int -2) [potion of mutation]
 64695 | Zot:5    | Lost mutation: You are somewhat resistant to further
                  | mutation. [potion of mutation]
 64695 | Zot:5    | Lost mutation: You are frail. (-10% HP) [potion of
                  | mutation]
 64695 | Zot:5    | Gained mutation: Your muscles are strong. (Str +2) [potion
                  | of mutation]
 64695 | Zot:5    | Gained mutation: Your natural rate of healing is unusually
                  | fast. [potion of mutation]
 64710 | Zot:5    | Killed a dread lich
 64954 | Zot:5    | Got the Orb of Zot
 64986 | Zot:4    | Lost mutation: Your muscles are strong. (Str +2) [potion of
                  | mutation]
 64986 | Zot:4    | Lost mutation: You sometimes lose the ability to read
                  | scrolls when taking damage. [potion of mutation]
 64987 | Zot:4    | Lost mutation: You are clumsy. (Dex -2) [potion of
                  | mutation]
 64987 | Zot:4    | Lost mutation: You are occasionally teleported next to
                  | monsters. [potion of mutation]
 64987 | Zot:4    | Lost mutation: Your natural rate of healing is unusually
                  | fast. [potion of mutation]
 64987 | Zot:4    | Gained mutation: You expend magic power (3 MP) to
                  | strengthen your wands. [potion of mutation]
 64987 | Zot:4    | Gained mutation: You are resistant to electric shocks.
                  | (rElec) [potion of mutation]
 64987 | Zot:4    | Gained mutation: You are highly strong-willed. (Will++)
                  | [potion of mutation]
 65003 | Zot:4    | Gained mutation: You are clumsy. (Dex -2) [a cacodemon]
 65004 | Zot:4    | Gained mutation: Your spells are a little harder to cast,
                  | but a little more powerful. [a cacodemon]
 65116 | Zot:1    | Noticed Xoggeock the pandemonium lord
 65123 | Zot:1    | Killed Xoggeock the pandemonium lord
 65240 | Depths:1 | Gained mutation: You tend to lose your temper in combat. [a
                  | neqoxec]
 65646 | D:$      | Escaped with the Orb!

Illustrated notes

Levels and vault maps discovered:
D:1:      ebering_hopf_link, layout_basic, hangedman_decor_points,
          minmay_misc_feat_ornament, nrook_mini_backslash, hex_intersection,
          minmay_tiny_reverse_x
D:2:      layout_loops_ring, ebering_ecumenical_altar_mist,
          corexii_hall_statues_u
D:3:      layout_basic, minmay_pentomino_pile
D:4:      layout_cave_pools, nicolae_overflow_hidden_temple,
          grunt_temple_overflow_open
D:5:      layout_rooms, mainiacjoe_overflow_chevrons
D:6:      layout_cave_pods, serial_shops, shop_fountains, shop, shop,
          nicolae_diamond_shop, kennysheep_mini
D:7:      layout_rooms, mainiacjoe_overflow_two_lobes,
          minmay_temple_entry_statues, sigmund_edmund_badplayer
D:8:      layout_rooms, dpeg_lair_monsters, st_stairs_10, chequers_jeans,
          nicolae_blasting_shop, kennysheep_generic_room_7, uniq_prince_ribbit1
D:9:      layout_loops_cross, serial_shops, nicolae_shop_statue_plus,
          nicolae_lakefront_shop, nicolae_shop_trees, kennysheep_little_box
D:10:     layout_basic, orc_0_dummy, uniq_erica, uniq_snorg
D:11:     layout_long_grid, serial_shops, nicolae_shop_stone
D:12:     gammafunk_indiana_jones, layout_irregular_city, serial_ice,
          serial_ice_k, serial_ice_b, serial_ice_g, serial_ice_f
D:13:     layout_basic, serial_bayou, serial_bayou_crossing,
          serial_bayou_shore_a, serial_bayou_lake_a, serial_bayou_pond_c
D:14:     doesnt_quadruple_sword, layout_irregular_city, erik_vaults_2,
          nicolae_elyvilon_peaceful_grove
D:15:     grunt_enter_depths_snipers, layout_cave_pools,
          nzn_wu_jian_council_hall, gauntlet_entry_generic
Temple:   minmay_temple_bridge_abc
Lair:1:   layout_roguey, beast_lair_carwin_3
Lair:2:   layout_gridlike, gammafunk_ghost_hydra_chop, grunt_megastairs_5
Lair:3:   layout_regular_city, minmay_snake_entry_guardpost_medium,
          serial_bayou_pond_e, serial_bayou_pond_e, uniq_urug
Lair:4:   layout_cellular_growth, minmay_swamp_entry_eels,
          portal_ice_cave_entry_imps, st_stairs_3, wad_woods_river_01
Lair:5:   layout_cellular_growth, minmay_slime_entry_oklob_open,
          grunt_megastairs_3, serial_bayou_shore_b, lemuel_fruit_tree
Lair:6:   evil_forest, layout_cellular_growth,
          gammafunk_ghost_wrathful_warriors, serial_bayou_lagoon_b,
          minmay_lair_oklob_chamber, uniq_sonja
Swamp:1:  layout_basic_swamp, nicolae_swamp_round_clearing
Swamp:2:  nicolae_swamp_secret_spriggan_hideout, layout_basic_swamp,
          nicolae_swamp_stair_fork, swamp_pool1,
          nicolae_swamp_necromancy_gone_wrong
Swamp:3:  layout_basic_swamp, nicolae_swamp_ascending_descending_big,
          swamp_pool1
Swamp:4:  swamp, layout_basic_swamp, ebering_ghost_disaster_area, swamp_pool1,
          grunt_ruined_hall, infiniplex_staircase_pool
Snake:1:  layout_basic, nicolae_shop_self_help, minmay_shoptagon
Snake:2:  layout_onion, serial_shops, shop, grunt_ministairs_3,
          serial_bayou_shore_b
Snake:3:  gammafunk_its_a_trap, layout_cave_town, minmay_shop_grove,
          serial_bayou_shore_b, serial_bayou_shore_b, uniq_aizul, uniq_vashnia
Snake:4:  snake_pit, layout_cave_town, gammafunk_ghost_necromancy, uniq_donald
Orc:1:    layout_caves, basic_altar
Orc:2:    st_orc_open, layout_caves
Elf:1:    eino_elf_arrival_shootout, layout_loops_corners, serial_shops,
          nicolae_shop_behind_doors, shop_statue, shop, mu_enter_wizlab_4,
          orc_legates
Elf:2:    elven_hall_of_blades_hangedman_original [nooodl_blade_entry_preview],
          layout_gridlike, serial_shops, nicolae_shop_waterfront,
          lemuel_upstairs_altar
Elf:3:    grunt_elf_hall_diamonds, layout_gridlike, minmay_misc_feat_cross,
          uniq_nikola
Vaults:1: v_misc_10, vaults_room_grunt_arrival_checkpoint, vaults_dpeg_doors,
          v_pattern_5, vaults_room_grunt_arrival_ludios,
          nicolae_vaults_alarming, v_misc_27, ontoclasm_vaults_decontamination,
          vaults_room_pools, special_room_vaults [special_room_orc],
          ontoclasm_vaults_fault, layout_vaults_chaotic_city
Vaults:2: vaults_dpeg_encased_lava, v_misc_30, v_misc_23,
          hangedman_vaults_river_flow, vaults_room_pool,
          minmay_crypt_entry_simple_round, ontoclasm_vaults_twist,
          hangedman_vaults_slither, special_room_vaults [special_room_orc],
          ontoclasm_vaults_claustrophobia, hangedman_vaults_hat,
          grunt_vaults_twisty, layout_vaults_maze_snakey
Vaults:3: ontoclasm_vaults_ring_small, vaults_room_stairs_pillars,
          nicolae_vaults_triangles, grunt_vaults_trifunnel, vaults_mumra_hex,
          v_misc_14, hangedman_vaults_trim, nicolae_vaults_diagonal_hallway_7,
          ontoclasm_vaults_misaligned, nicolae_vaults_shelves_hall,
          nicolae_vaults_asterisk, st_spiral_rooms, nicolae_vaults_shelves_hall,
          nicolae_vaults_little_squares_1, layout_vaults_omnicross,
          portal_desolation_entry_salt, serial_shops, nicolae_square_shop,
          uniq_boris
Vaults:4: nicolae_vaults_what_the_h, vaults_mumra_chevron_long,
          grunt_vaults_funnel, v_misc_26, nicolae_vaults_octagons,
          nicolae_vaults_mini_display_case, vaults_room_large_hall,
          v_alt_pattern_1, ontoclasm_vaults_idyll, vaults_mumra_lcd,
          grunt_vaults_diagonal, layout_vaults_omnigrid, serial_shops,
          nicolae_square_shop
Vaults:5: serial_shops
Depths:1: layout_gridlike, pf_hell_entry_great_geh, rand_demon_pan_entry_4,
          hangedman_abyss_entry_splay, nemelex_diamond_rough_becter,
          nicolae_lava_and_water, minmay_evil_grid, kennysheep_random_hallway
Depths:2: nzn_winding_woodlands_large [nzn_winding_woodlands_5x5_perimeter,
          nzn_winding_woodlands_5x15_lazy_stream,
          nzn_winding_woodlands_5x5_checkerboard,
          nzn_winding_woodlands_center_lodge,
          nzn_winding_woodlands_15x15_boxy_spiral,
          nzn_winding_woodlands_center_garden,
          nzn_winding_woodlands_5x5_default,
          nzn_winding_woodlands_5x15_sidewinder,
          nzn_winding_woodlands_5x5_open_star], layout_gridlike,
          amcnicky_mini_rare_corridor_liquid, special_room
          [special_room_mythical_zoo], hell_entry, kennysheep_generic_room_9
Depths:3: minmay_concentric_multi, layout_cave_shapes, enter_ziggurat_d,
          grunt_hell_entry_dis_old, bloody_trog, grunt_pan_entry_sceptre,
          nicolae_shop_overcharged_wands, infiniplex_staircase_x, uniq_mara
Depths:4: minmay_blocking_statues, layout_gridville,
          nicolae_gozag_cash_rules_everything_around_me,
          abyss_entry_small_statue_room, hell_entry, hangedman_corner_corridor,
          infiniplex_staircase_squiggle
Depths:5: grunt_zot_entry_gee_three, layout_basic, serial_glass,
          glass_columns_a, glass_columns_b, glass_columns_c, glass_columns_c,
          glass_columns_b, glass_columns_c, item_on_display_a,
          unseen_surprise_small, item_on_display_a, okawaru_trees_1,
          abyss_entry_crystal, ebering_ghost_rock_garden, hell_entry,
          water_boxes_lemuel
Zot:1:    layout_basic
Zot:2:    layout_misc_corridors
Zot:3:    layout_misc_corridors, skrybe_zot_glass_3
Zot:4:    layout_gridlike, grunt_ministairs_4, st_stairs_11
Zot:5:    layout_onion

Skill      XL: |  1  2  3  4  5  6  7  8  9 10 11 12 13 14 15 16 17 18 19 20 21 22 23 24 25 26 27 |
---------------+----------------------------------------------------------------------------------+-----
Fighting       | 2 3 4 5 7 9 10 11 12 13 14 15 17 18 21 26 | 26.6
Unarmed Combat | 4 5 6 7 8 10 11 12 13 14 15 19 21 22 23 25 26 27 | 27.0
Transmutations | 3 4 5 7 8 9 10 11 13 | 13.0
Shields        | 3 4 5 6 9 11 14 15 | 15.0
Spellcasting   | 3 4 6 8 |  8.0
Dodging        | 3 5 8 9 14 15 18 19 | 19.3
Earth Magic    | 5 9 11 | 11.0
Invocations    | 5 10 12 13 | 13.5
Evocations     | 2 7 |  7.0
Hexes          | 6 8 |  8.0
Air Magic      | 6 8 |  8.0
Throwing       | 2 5 |  5.0
Translocations | 4 |  4.0
Stealth        | 10 | 10.0

Action                   |  1- 3 |  4- 6 |  7- 9 | 10-12 | 13-15 | 16-18 | 19-21 | 22-24 | 25-27 || total
-------------------------+-------+-------+-------+-------+-------+-------+-------+-------+-------++-------
Melee: Unarmed           |   156 |   258 |   281 |   686 |   610 |   859 |  1069 |   988 |   948 ||  5855
       Tailslap          |    12 |    27 |    39 |   120 |   155 |   196 |   221 |   249 |   221 ||  1240
       Punch             |     1 |     6 |       |       |       |       |    45 |    53 |    46 ||   151
       Kick              |       |    18 |    57 |   121 |    13 |       |       |       |       ||   209
       Headbutt          |       |    10 |    29 |    87 |     7 |       |       |       |       ||   133
       Bite              |       |       |       |       |       |       |    46 |    63 |    37 ||   146
Throw: Throwing net      |       |       |       |       |       |       |     3 |       |       ||     3
 Cast: Beastly Appendage |     1 |    16 |    16 |    31 |     4 |       |       |       |       ||    68
       Wereblood         |       |     6 |     7 |    16 |     1 |     2 |     2 |     2 |       ||    36
       Spider Form       |       |       |       |     2 |       |       |       |       |       ||     2
       Statue Form       |       |       |       |     5 |    40 |    55 |    39 |    12 |    24 ||   175
       Dragon Form       |       |       |       |       |       |     1 |    35 |    31 |    30 ||    97
       Silence           |       |       |       |       |       |       |    29 |    15 |     6 ||    50
       Blink             |       |       |       |       |       |       |       |     2 |     3 ||     5
Invok: Renounce Religion |       |       |       |     1 |       |       |       |       |       ||     1
       Slouch            |       |       |       |       |     2 |     6 |     6 |     6 |     1 ||    21
       Step From Time    |       |       |       |       |       |     1 |       |       |       ||     1
 Abil: Breathe Noxious F |       |       |    10 |    15 |     1 |       |     1 |       |     1 ||    28
Evoke: Wand              |       |       |     1 |    23 |    60 |     1 |     1 |       |     9 ||    95
       Phial of floods   |       |       |       |       |     1 |       |       |       |       ||     1
       Condenser vane    |       |       |       |       |       |       |       |       |     1 ||     1
  Use: Potion            |     1 |       |     2 |     5 |     9 |     1 |     1 |       |     7 ||    26
       Scroll            |       |     7 |     6 |    16 |     8 |    10 |     7 |     5 |    12 ||    71
 Stab: Sleeping          |     3 |       |     1 |     1 |     9 |     6 |     7 |     5 |     7 ||    39
       Confused          |       |       |    10 |    20 |     2 |       |       |       |     1 ||    33
       Paralysed         |       |       |       |       |     1 |       |       |       |       ||     1
       Distracted        |       |       |       |       |       |     3 |     3 |     2 |     3 ||    11
       Held in net/web   |       |       |       |       |       |       |     2 |       |       ||     2
Armor: Skin              |    36 |    91 |    75 |   261 |   432 |   461 |   523 |   304 |   229 ||  2412
Dodge: Dodged            |   101 |   166 |   115 |   503 |   636 |  1091 |   912 |   894 |   826 ||  5244
Block: Buckler           |       |       |    22 |   214 |   306 |   469 |   217 |       |       ||  1228
       Kite shield       |       |       |       |       |       |       |   144 |   509 |   675 ||  1328
